 Dungeon Crawl Stone Soup version 0.18.1-8-gdd0e5ea (webtiles) character file.

4996 pipel the Thaumaturge (level 10, -6/71 HPs)
             Began as a Mummy Conjurer on May 22, 2016.
             Was an Initiate of Gozag.
             Mangled by a three-headed hydra (13 damage)
             ... on level 8 of the Dungeon.
             The game lasted 00:46:19 (13509 turns).

pipel the Thaumaturge (Mummy Conjurer)             Turns: 13509, Time: 00:46:20

Health: -6/71      AC:  8    Str: 13    XL:     10   Next: 29%
Magic:  5/22       EV: 15    Int: 20    God:    Gozag
Gold:   383        SH:  0    Dex: 13    Spells: 6 memorised, 6 levels left

rFire  x . .     SeeInvis .     a - +7 quarterstaff "Naelia" {crush, rPois Str+2 Int+2}
rCold  + + .     Gourm    .     m - +1 robe {MR+}
rNeg   + + +     Faith    .     (shield currently unavailable)
rPois  ∞         Spirit   .     t - +0 helmet
rElec  +         Dismiss  .     x - +0 cloak
rCorr  .         Reflect  .     L - +1 pair of gloves of Life {rElec rC+}
SustAt .         Harm     .     n - +0 pair of boots
MR     +++..                    (no amulet)
Stlth  +++.......               M - ring of protection from magic
                                G - ring of stealth

@: extremely resistant to hostile enchantments, fairly stealthy
A: no food or potions, fire vulnerability, cold resistance 1, negative energy
resistance 3, torment resistance, unbreathing
a: Potion Petition, Call Merchant, Bribe Branch, Renounce Religion


You were on level 8 of the Dungeon.
You worshipped Gozag.
Gozag was noncommittal.
You were not hungry.

You visited 2 branches of the dungeon, and saw 9 of its levels.
You also visited: Sewer and Ossuary.

You collected 728 gold pieces.
You spent 216 gold pieces at shops.
You paid 129 gold pieces to Gozag.

Inventory:

Hand Weapons
 a - the +7 quarterstaff "Naelia" (weapon) {crush, rPois Str+2 Int+2}
   (You found it on level 7 of the Dungeon)

   It inflicts extra damage upon your enemies.
   It affects your strength (+2).
   It affects your intelligence (+2).
   It protects you from poison.
 b - a +2 dagger of venom
 c - a +0 dagger
 h - a +0 mace
 q - a +0 spear
 u - a +0 falchion of holy wrath
 w - a +4 quarterstaff of chaos
 z - a +2 mace of venom
 C - a +0 blowgun
 F - a +1 trident of flaming
 H - a +0 whip of electrocution
 O - the +6 mace of Mandamus {vamp, +Blink rC+++ Int-4}
   (You found it on level 8 of the Dungeon)

   It inflicts no extra harm, but heals its wielder somewhat when it strikes a
   living foe.
   It affects your intelligence (-4).
   It renders you almost immune to cold.
   It lets you blink.
Missiles
 d - 26 bolts
 g - 171 stones
 i - 74 arrows
 B - 25 poisoned needles
 J - 6 tomahawks (quivered)
 K - 2 throwing nets
 P - 6 javelins
Armour
 f - a +0 buckler
 m - a +1 robe of magic resistance (worn)
 n - a +0 pair of boots (worn)
 t - a +0 helmet (worn)
 v - a +0 robe
 x - a +0 cloak (worn)
 L - the +1 pair of gloves of Life (worn) {rElec rC+}
   (You found it on level 7 of the Dungeon)

   It protects you from cold.
   It insulates you from electricity.
Jewellery
 G - a ring of stealth (left hand)
 M - a ring of protection from magic (right hand)
Wands
 j - a wand of digging (18/24)
 l - a wand of polymorph (8/24)
 A - a wand of flame (28/48)
 D - a wand of slowing (10/48)
Scrolls
 e - 6 scrolls of enchant weapon
 k - 10 scrolls of identify
 o - a scroll of recharging
 p - 3 scrolls of fear
 r - 3 scrolls of teleportation
 s - 4 scrolls of remove curse
 E - 3 scrolls of enchant armour
 I - a scroll of fog {unknown}
 N - a scroll of random uselessness {unknown}
Books
 y - a book of Conjurations

   Spells                             Type                      Level
   a - Magic Dart                     Conjuration                  1
   b - Searing Ray                    Conjuration                  2
   c - Dazzling Spray                 Conjuration/Hexes            3
   d - Fulminant Prism                Conjuration/Hexes            4
   e - Iskenderun's Mystic Blast      Conjuration                  4
   f - Iskenderun's Battlesphere      Conjuration/Charms           5


   Skills:
 + Level 3.8 Fighting
 - Level 1.1 Short Blades
 + Level 1.9(2.0) Maces & Flails
 + Level 0.1(1.1) Staves
 - Level 0.1 Throwing
 + Level 7.1 Dodging
 - Level 1.6 Stealth
 * Level 8.2 Spellcasting
 + Level 6.9 Conjurations
 - Level 2.4 Hexes


You had 6 spell levels left.
You knew the following spells:

 Your Spells              Type           Power        Failure   Level  Hunger
a - Magic Dart            Conj           ####         1%          1    N/A
b - Iskenderun's Mystic   Conj           #####...     6%          4    N/A
c - Fulminant Prism       Conj/Hex       ####......   14%         4    N/A
i - Iskenderun's Battles  Conj/Chrm      ###.....     58%         5    N/A
r - Searing Ray           Conj           #####.       1%          2    N/A
s - Dazzling Spray        Conj/Hex       ####....     4%          3    N/A

Dungeon Overview and Level Annotations

Branches:
Dungeon (8/15)             Temple (1/1) D:7
   Lair: D:8-11

Altars:
Cheibriados
Dithmenos
Fedhas
Gozag
Kikubaaqudgha
Makhleb
Nemelex Xobeh
Pakellas
Ru
Sif Muna
Trog
Vehumet
Xom
Yredelemnul
Lugonu

Shops:
D:5 *   D:7 [


Innate Abilities, Weirdness & Mutations

You do not eat or drink.
Your flesh is vulnerable to fire.
You are immune to poison.
Your flesh is cold resistant.
You are immune to negative energy.
You are immune to unholy pain and torment.
You can survive without breathing.


Message History

The three-headed hydra is severely wounded.
The three-headed hydra bites you!
* * * LOW HITPOINT WARNING * * *
The three-headed hydra closely misses you.
The three-headed hydra bites you!
* * * LOW HITPOINT WARNING * * *
You take 22 damage, and have 2/71 hp.
MASSIVE DAMAGE!!
There is an open gate here.
You see here 4 fruits.
You see here a dagger.
Evoke which item? (* to show all) (? for menu, Esc to quit)
Okay, then.
There is an open door here.
Read which item? (? for menu, Esc to quit)
As you read the scroll of fear, it crumbles to dust.
You assume a fearsome visage.
The three-headed hydra easily resists.
The three-headed hydra barely misses you.
The three-headed hydra bites you!
You die...
Your body crumbles into a pile of gold.

#...............#............
#...........#####............
#...........#................
#....)......#................
#...........#!.##...###...###
#####......##..##...#######
#.....K#..........#
#......#..........#
#......#@.........#
#......D..........#
#......############ ########


You could see a three-headed hydra.

Vanquished Creatures
  Erolcha (D:8)
  Pikel (D:4)
  Prince Ribbit (D:6)
  2 yaks (D:8)
  3 sky beasts
  An orc warrior (D:7)
  An ice beast (D:5)
  A necrophage (D:6)
  An ogre (D:6)
  3 centaurs
  A phantom (D:6)
  An elf zombie (Ossuary)
  3 big kobolds
  2 giant frogs
  A scorpion (D:4)
  A howler monkey (D:1)
  A quasit (D:6)
  3 human zombies (Ossuary)
  3 centaur zombies (Ossuary)
  3 crimson imps
  3 hounds
  A jelly (D:5)
  7 orc wizards
  5 orc priests
  Crazy Yiuf (D:4)
  A gnoll shaman (D:5)
  Jessica (D:3)
  A centaur skeleton (D:5)
  2 iguanas
  Ijyb (D:3)
  5 worker ants
  2 sheep (D:8)
  2 big kobold zombies (Ossuary)
  3 hound zombies
  4 mummies
  Robin (D:4)
  18 gnolls
  3 river rats (Sewer)
  9 adders
  A shadow imp (D:5)
  4 oozes
  An adder skeleton (D:4)
  4 worms
  A giant gecko (D:6)
  27 orcs
  6 ball pythons
  6 giant cockroaches
  2 gnoll zombies (Ossuary)
  9 goblins
  15 hobgoblins
  14 jackals
  26 kobolds
  2 quokkas (D:4)
  11 bats
  9 giant newts
  2 goblin zombies (Ossuary)
  6 hobgoblin zombies (Ossuary)
  4 jackal zombies (Ossuary)
  5 kobold zombies (Ossuary)
  2 quokka skeletons (D:5)
  A quokka zombie (Ossuary)
  32 rats
  6 rat zombies (Ossuary)
300 creatures vanquished.

Vanquished Creatures (others)
  A fire dragon (D:7)
  A lightning spire (D:7)
  2 goblins (D:4)
  3 bushes (D:7)
  A fulminant prism (D:6)
8 creatures vanquished.

Grand Total: 308 creatures vanquished

Notes
Turn   | Place    | Note
--------------------------------------------------------------
     0 | D:1      | pipel the Mummy Conjurer began the quest for the Orb.
     0 | D:1      | Reached XP level 1. HP: 13/13 MP: 3/3
   547 | D:1      | Reached XP level 2. HP: 19/19 MP: 1/5
  1048 | D:1      | Learned a level 2 spell: Searing Ray
  1185 | D:1      | Reached XP level 3. HP: 20/24 MP: 2/6
  1709 | D:1      | Reached XP level 4. HP: 30/30 MP: 2/8
  1716 | D:1      | Learned a level 4 spell: Iskenderun's Mystic Blast
  2121 | D:2      | Found a faded altar to an unknown god.
  2169 | D:2      | Reached skill level 3 in Spellcasting
  4101 | D:3      | Found a sparkling altar of Nemelex Xobeh.
  4101 | D:3      | Found a sacrificial altar of Ru.
  4193 | D:3      | Found a snail-covered altar of Cheibriados.
  4193 | D:3      | Found a blossoming altar of Fedhas.
  4202 | D:3      | Noticed Ijyb
  4208 | D:3      | Killed Ijyb
  4208 | D:3      | Reached XP level 5. HP: 35/35 MP: 3/10
  4857 | D:3      | Noticed Jessica
  4871 | D:3      | Killed Jessica
  5588 | D:3      | Reached skill level 4 in Spellcasting
  5747 | D:3      | Reached XP level 6. HP: 39/42 MP: 3/12
  5752 | D:3      | Learned a level 3 spell: Dazzling Spray
  6001 | D:3      | Found an ancient bone altar of Kikubaaqudgha.
  6284 | D:4      | Found a shadowy altar of Dithmenos.
  6321 | D:4      | Noticed a slave
  6321 | D:4      | Noticed a slave
  6333 | D:4      | Found a sand-covered staircase.
  6333 | D:4      | Noticed Robin
  6374 | D:4      | Reached skill level 5 in Conjurations
  6647 | D:4      | Killed Robin
  6741 | Ossuary  | Entered an ossuary
  6842 | Ossuary  | Reached XP level 7. HP: 22/47 MP: 3/14
  7501 | Ossuary  | Reached skill level 1 in Fighting
  7716 | Ossuary  | Reached skill level 5 in Spellcasting
  8616 | D:4      | Noticed Pikel
  8774 | D:4      | Killed Pikel
  8774 | D:4      | Reached skill level 1 in Short Blades
  8774 | D:4      | Reached XP level 8. HP: 18/56 MP: 4/16
  8784 | D:4      | Learned a level 4 spell: Fulminant Prism
  8852 | D:4      | Noticed Crazy Yiuf
  8872 | D:4      | Killed Crazy Yiuf
  9104 | D:5      | Entered Level 5 of the Dungeon
  9142 | D:5      | Reached skill level 6 in Spellcasting
  9212 | D:5      | Reached skill level 1 in Hexes
  9496 | D:5      | Found Lotimes's Assorted Antiques.
  9515 | D:5      | Bought a scroll labeled USSOUH VEOBBUKK for 24 gold pieces
  9515 | D:5      | Bought a scroll labeled XOBROI ZIBOET for 24 gold pieces
  9515 | D:5      | Bought a gold wand for 96 gold pieces
  9515 | D:5      | Bought a scroll of teleportation for 72 gold pieces
  9525 | D:5      | Reached skill level 5 in Dodging
  9592 | D:5      | Found a glowing drain.
  9618 | Sewer    | Entered a sewer
  9871 | Sewer    | Reached XP level 9. HP: 55/62 MP: 18/18
 10681 | D:5      | Reached skill level 1 in Maces & Flails
 11034 | D:6      | Noticed Prince Ribbit
 11058 | D:6      | Killed Prince Ribbit
 11321 | D:6      | Reached skill level 7 in Spellcasting
 11831 | D:7      | Found a staircase to the Ecumenical Temple.
 11844 | Temple   | Entered the Ecumenical Temple
 11859 | Temple   | Became a worshipper of Gozag Ym Sagoz the Greedy
 12451 | D:7      | Learned a level 5 spell: Iskenderun's Battlesphere
 12641 | D:7      | Found an oddly glowing altar of Pakellas.
 12642 | D:7      | Noticed a fire dragon
 12659 | D:7      | Killed a fire dragon
 12700 | D:7      | Got a pair of spiked gloves
 12706 | D:7      | Identified the +1 pair of gloves of Life {rElec rC+} (You found it on level 7 of the Dungeon)
 12738 | D:7      | Got a fine quarterstaff
 12739 | D:7      | Identified the +7 quarterstaff "Naelia" {crush, rPois Str+2 Int+2} (You found it on level 7 of the Dungeon)
 12765 | D:7      | Found Ciama's Armour Shop.
 12803 | D:8      | Noticed Erolcha
 12866 | D:8      | Killed Erolcha
 12866 | D:8      | Reached skill level 8 in Spellcasting
 12866 | D:8      | Reached XP level 10. HP: 12/71 MP: 3/22
 13243 | D:8      | Got a crystal mace
 13244 | D:8      | Identified the +6 mace of Mandamus {vamp, +Blink rC+++ Int-4} (You found it on level 8 of the Dungeon)
 13472 | D:8      | Noticed a three-headed hydra
 13483 | D:8      | HP: 2/71 [three-headed hydra (9)]
 13509 | D:8      | Mangled by a three-headed hydra

Skill      XL: |  1  2  3  4  5  6  7  8  9 10 |
---------------+-------------------------------+-----
Conjurations   | 4 5 6 |  6.9
Spellcasting   | 3 4 5 6 8 |  8.2
Dodging        | 2 4 5 6 7 |  7.1
Fighting       | 2 3 |  3.8
Short Blades   | 1 |  1.1
Hexes          | 1 2 |  2.4
Maces & Flails | 1 |  1.9
Staves         | |  0.1
Throwing       | |  0.1
Stealth        | |  1.6

Action                   |  1- 3 |  4- 6 |  7- 9 | 10-12 || total
-------------------------+-------+-------+-------+-------++-------
Melee: Dagger            |    20 |    36 |    59 |       ||   115
       Whip              |       |       |   315 |       ||   315
       Quarterstaff      |       |       |     3 |    21 ||    24
Throw: Stone             |     2 |     7 |    16 |       ||    25
       Tomahawk          |       |       |     2 |       ||     2
 Cast: Magic Dart        |    52 |   141 |    86 |       ||   279
       Searing Ray       |     4 |    25 |    62 |     3 ||    94
       Iskenderun's Myst |       |     1 |    13 |     2 ||    16
       Dazzling Spray    |       |     2 |    28 |     9 ||    39
       Fulminant Prism   |       |       |     1 |       ||     1
  Use: Scroll            |     2 |     2 |     7 |     1 ||    12
 Stab: Sleeping          |       |       |     3 |       ||     3
       Invisible         |       |       |     2 |       ||     2
Armor: Robe              |     7 |    19 |   159 |    10 ||   195
Dodge: Dodged            |    26 |    58 |   372 |    27 ||   483
